3AA
MINNESOTA LOONS @ MARQUETTE MINERS
08/19/2042
 
TOP OF THE 1ST
Minnesota Loons batting - Pitching for Marquette Miners : LHP James Brandon
Pitching: LHP James Brandon
Batting: LHB Steve Williams 0-0: Called Strike
0-1: Foul Ball, location: 2F
0-2: Foul Ball, location: 2F
0-2: Ball
1-2: Foul Ball, location: 2F
1-2: Ball
2-2: SINGLE (Line Drive, 8LS, EV 107.5 MPH)
Batting: RHB Haechan Mae 0-0: Called Strike
0-1: Ball
1-1: Ball
2-1: Fly out, F4 (Popup, 34, EV 61.2 MPH)
Batting: RHB Alberto Zúñiga 0-0: Called Strike
Steve Williams steals 2nd base
0-1: Ball
1-1: Ball
2-1: DOUBLE (Line Drive, 7LM, EV 102.5 MPH)
Steve Williams scores
Batting: SHB Pavlushenka Galanov 0-0: SINGLE (Flyball, 8LS, EV 89.4 MPH)
Alberto Zúñiga to third
Runner from 3rd tries for Home, SAFE, throw by CF to home
Pavlushenka Galanov to second
Batting: RHB Dan Barnes 0-0: Ball
1-0: Called Strike
1-1: Called Strike
1-2: Strikes out looking
Batting: RHB José Garrastazu 0-0: Swinging Strike
0-1: Swinging Strike
0-2: Ball
1-2: Ball
2-2: Foul Ball, location: 2F
2-2: Fly out, F4 (Line Drive, 4, EV 68.8 MPH)
Top of the 1st over - 2 runs, 3 hits, 0 errors, 1 left on base; Minnesota 2 - Marquette 0
BOTTOM OF THE 1ST
Marquette Miners batting - Pitching for Minnesota Loons : LHP Cipriano Bustamante
Pitching: LHP Cipriano Bustamante
Batting: RHB Roland Rankin 0-0: Ball
1-0: Fly out, F8 (Flyball, 8LM, EV 78.1 MPH)
Batting: RHB Raleigh Adams 0-0: Ground out 4-3 (Groundball, 4S, EV 78.8 MPH)
Batting: RHB Alfred Howard Biggs 0-0: Foul Ball, location: 2F
0-1: Ball
1-1: Fly out, F7 (Flyball, 78M, EV 95.6 MPH)
Bottom of the 1st over - 0 runs, 0 hits, 0 errors, 0 left on base; Minnesota 2 - Marquette 0
TOP OF THE 2ND
Minnesota Loons batting - Pitching for Marquette Miners : LHP James Brandon
Batting: RHB Martin Mullinger 0-0: Called Strike
0-1: Foul Ball, location: 2F
0-2: Ball
1-2: Ball
2-2: Strikes out swinging
Batting: LHB Juan Ritaquevedo 0-0: Called Strike
0-1: Ball
1-1: Foul Ball, location: 2F
1-2: SINGLE (Line Drive, 89M, EV 100.0 MPH)
Batting: LHB Derrek Guthrie 0-0: Ball
1-0: Called Strike
1-1: Ball
2-1: Ball
3-1: Swinging Strike
3-2: Foul Ball, location: 2F
3-2: Fly out, F7 (Flyball, 78D, EV 97.5 MPH)
Batting: LHB Steve Williams 0-0: Foul Ball, location: 2F
0-1: Ball
1-1: Ball
2-1: Foul Ball, location: 2F
2-2: Fly out, F7 (Flyball, 7, EV 78.8 MPH)
Top of the 2nd over - 0 runs, 1 hit, 0 errors, 1 left on base; Minnesota 2 - Marquette 0
BOTTOM OF THE 2ND
Marquette Miners batting - Pitching for Minnesota Loons : LHP Cipriano Bustamante
Batting: RHB Colton Shepard 0-0: Swinging Strike
0-1: Fly out, F8 (Flyball, 8RD, EV 97.5 MPH)
Batting: RHB Kiril Neuvel 0-0: Ball
1-0: Ball
2-0: Called Strike
2-1: Foul Ball, location: 2F
2-2: Fly out, F9 (Line Drive, 9D, EV 96.2 MPH)
Batting: RHB Martin Payton 0-0: Ball
1-0: Ball
2-0: SINGLE (Groundball, 6MD, EV 102.5 MPH)
Batting: LHB Bill Knight 0-0: Swinging Strike
0-1: Swinging Strike
0-2: SINGLE (Line Drive, 7S, EV 107.5 MPH)
Martin Payton to second
Batting: RHB Richard Mitchell 0-0: Ball
1-0: Ball
2-0: Ball
3-0: Base on Balls
Martin Payton to third
Bill Knight to second
Batting: LHB Bob Blough 0-0: Ball
1-0: Called Strike
1-1: Ball
2-1: Fielders Choice at 2nd, 6-4 (Groundball, 6, EV 96.9 MPH)
Bottom of the 2nd over - 0 runs, 2 hits, 0 errors, 3 left on base; Minnesota 2 - Marquette 0
TOP OF THE 3RD
Minnesota Loons batting - Pitching for Marquette Miners : LHP James Brandon
Batting: RHB Haechan Mae 0-0: Ball
1-0: Ball
2-0: Foul Ball, location: 2F
2-1: DOUBLE (Line Drive, 7LM, EV 113.1 MPH)
Batting: RHB Alberto Zúñiga 0-0: Called Strike
0-1: Foul Ball, location: 2F
0-2: Ball
1-2: Strikes out looking
Batting: SHB Pavlushenka Galanov 0-0: Swinging Strike
0-1: Swinging Strike
0-2: Strikes out swinging
Batting: RHB Dan Barnes 0-0: 2-RUN HOME RUN (Flyball, 7LD, EV 95.6 MPH), Distance : 380 ft
Batting: RHB José Garrastazu 0-0: SINGLE (Groundball, 4MD, EV 97.5 MPH)
Batting: RHB Martin Mullinger 0-0: Foul Ball, location: 2F
0-1: Called Strike
0-2: Ball
1-2: Fly out, F9 (Flyball, 9, EV 95.0 MPH)
Top of the 3rd over - 2 runs, 3 hits, 0 errors, 1 left on base; Minnesota 4 - Marquette 0
BOTTOM OF THE 3RD
Marquette Miners batting - Pitching for Minnesota Loons : LHP Cipriano Bustamante
Batting: RHB Roland Rankin 0-0: Called Strike
0-1: SINGLE (Groundball, 56D, EV 100.6 MPH)
Batting: RHB Raleigh Adams 0-0: Called Strike
0-1: Foul Ball, location: 2F
0-2: Ball
1-2: Foul Ball, location: 2F
1-2: Grounds into double play, 5-4-3 (Groundball, 56, EV 107.5 MPH)
Batting: RHB Alfred Howard Biggs 0-0: Fly out, F3 (Line Drive, 3, EV 67.5 MPH)
Bottom of the 3rd over - 0 runs, 1 hit, 0 errors, 0 left on base; Minnesota 4 - Marquette 0
TOP OF THE 4TH
Minnesota Loons batting - Pitching for Marquette Miners : LHP James Brandon
Batting: LHB Juan Ritaquevedo 0-0: Called Strike
0-1: Ball
1-1: Ball
2-1: Swinging Strike
2-2: Fly out, F8 (Flyball, 8LM, EV 80.6 MPH)
Batting: LHB Derrek Guthrie 0-0: Ball
1-0: Foul Ball, location: 2F
1-1: Ball
2-1: Ball
3-1: Foul Ball, location: 2F
3-2: Base on Balls
Batting: LHB Steve Williams 0-0: SINGLE (Line Drive, 56D, EV 102.5 MPH)
Derrek Guthrie to second
Batting: RHB Haechan Mae 0-0: Called Strike
0-1: Ball
1-1: Called Strike
1-2: Foul Ball, location: 2F
1-2: Ball
2-2: Foul Ball, location: 2F
2-2: Fly out, F8 (Flyball, 8LD, EV 94.4 MPH)
Batting: RHB Alberto Zúñiga 0-0: Ball
1-0: Fly out, F9 (Line Drive, 9D, EV 91.2 MPH)
Top of the 4th over - 0 runs, 1 hit, 0 errors, 2 left on base; Minnesota 4 - Marquette 0
BOTTOM OF THE 4TH
Marquette Miners batting - Pitching for Minnesota Loons : LHP Cipriano Bustamante
Batting: RHB Colton Shepard 0-0: Called Strike
0-1: Fly out, F7 (Flyball, 78S, EV 96.9 MPH)
Batting: RHB Kiril Neuvel 0-0: DOUBLE (Groundball, 5L, EV 108.8 MPH)
Batting: RHB Martin Payton 0-0: Called Strike
0-1: SINGLE (Flyball, 7LS, EV 95.0 MPH)
Kiril Neuvel to third
Runner from 3rd tries for Home, SAFE, throw by LF to home
Batting: LHB Bill Knight 0-0: Foul Ball, location: 2F
0-1: Fielders Choice at 2nd, 4-6 (Groundball, 4, EV 90.0 MPH)
Batting: RHB Richard Mitchell 0-0: Ball
1-0: Fly out, F7 (Flyball, 7LD, EV 108.1 MPH)
Bottom of the 4th over - 1 run, 2 hits, 0 errors, 1 left on base; Minnesota 4 - Marquette 1
TOP OF THE 5TH
Minnesota Loons batting - Pitching for Marquette Miners : LHP James Brandon
Batting: SHB Pavlushenka Galanov 0-0: Called Strike
0-1: Ground out 6-3 (Groundball, 6, EV 90.6 MPH)
Batting: RHB Dan Barnes 0-0: Ball
1-0: Ball
2-0: Called Strike
2-1: Ball
3-1: Ground out 1-3 (Groundball, 13, EV 77.5 MPH)
Batting: RHB José Garrastazu 0-0: Called Strike
0-1: Fly out, F9 (Line Drive, 9D, EV 110.6 MPH)
Top of the 5th over - 0 runs, 0 hits, 0 errors, 0 left on base; Minnesota 4 - Marquette 1
BOTTOM OF THE 5TH
Marquette Miners batting - Pitching for Minnesota Loons : LHP Cipriano Bustamante
Batting: LHB Bob Blough 0-0: Foul Ball, location: 2F
0-1: SINGLE (Groundball, 4MD, EV 93.8 MPH)
Batting: RHB Roland Rankin 0-0: Ball
1-0: Foul Ball, location: 2F
1-1: Foul Ball, location: 2F
1-2: Grounds into double play, 6-4-3 (Groundball, 6, EV 92.5 MPH)
Batting: RHB Raleigh Adams 0-0: Ball
1-0: Ball
2-0: Called Strike
2-1: Foul Ball, location: 2F
2-2: Ground out 1-3 (Groundball, 34S, EV 68.1 MPH)
Bottom of the 5th over - 0 runs, 1 hit, 0 errors, 0 left on base; Minnesota 4 - Marquette 1
TOP OF THE 6TH
Minnesota Loons batting - Pitching for Marquette Miners : LHP James Brandon
Batting: RHB Martin Mullinger 0-0: Ground out 4-3 (Groundball, 4, EV 98.1 MPH)
Batting: LHB Juan Ritaquevedo 0-0: Ball
1-0: Ball
2-0: Ground out 6-3 (Groundball, 56, EV 80.6 MPH)
Batting: LHB Derrek Guthrie 0-0: Ball
1-0: Foul Ball, location: 2F
1-1: Fly out, F9 (Flyball, 9, EV 90.0 MPH)
Top of the 6th over - 0 runs, 0 hits, 0 errors, 0 left on base; Minnesota 4 - Marquette 1
BOTTOM OF THE 6TH
Marquette Miners batting - Pitching for Minnesota Loons : LHP Cipriano Bustamante
Batting: RHB Alfred Howard Biggs 0-0: Ball
1-0: DOUBLE (Line Drive, 89M, EV 97.5 MPH)
Batting: RHB Colton Shepard 0-0: Ground out 1-3 (Groundball, 13S, EV 64.4 MPH)
Alfred Howard Biggs to third
Batting: RHB Kiril Neuvel 0-0: Swinging Strike
0-1: Ball
1-1: Foul Ball, location: 2F
1-2: Strikes out swinging
Batting: RHB Martin Payton 0-0: Called Strike
0-1: Called Strike
0-2: Ball
1-2: Ball
2-2: Foul Ball, location: 2F
2-2: Ball
3-2: Base on Balls
Batting: LHB Bill Knight 0-0: Called Strike
0-1: Ball
1-1: Swinging Strike
1-2: Ball
2-2: Strikes out looking
Bottom of the 6th over - 0 runs, 1 hit, 0 errors, 2 left on base; Minnesota 4 - Marquette 1
TOP OF THE 7TH
Minnesota Loons batting - Pitching for Marquette Miners : LHP James Brandon
Batting: LHB Steve Williams 0-0: Called Strike
0-1: SINGLE (Groundball, 6D, EV 111.9 MPH)
Pitching: RHP Greg Borges
Batting: RHB Haechan Mae 0-0: Ball
1-0: Ball
2-0: SINGLE (Flyball, 9S, EV 87.5 MPH)
Steve Williams to second
Runner from 2nd tries for 3rd, SAFE, no throw by RF
Batting: RHB Alberto Zúñiga 0-0: Foul Ball, location: 2F
0-1: Called Strike
0-2: Ball
1-2: Strikes out swinging
Batting: SHB Pavlushenka Galanov 0-0: Called Strike
0-1: Ball
1-1: Ball
2-1: Called Strike
2-2: Ball
3-2: Strikes out swinging
Haechan Mae steals 2nd base (no throw)
Batter strikes out.
Batting: RHB Dan Barnes 0-0: Ground out 6-3 (Groundball, 6S, EV 68.1 MPH)
Top of the 7th over - 0 runs, 2 hits, 0 errors, 2 left on base; Minnesota 4 - Marquette 1
BOTTOM OF THE 7TH
Marquette Miners batting - Pitching for Minnesota Loons : LHP Cipriano Bustamante
Batting: RHB Richard Mitchell 0-0: Ball
1-0: Ball
2-0: Ball
3-0: Base on Balls
Batting: LHB Bob Blough 0-0: Ball
Richard Mitchell steals 2nd, throwing error, E2
Richard Mitchell to third
1-0: Ball
2-0: Fly out, F2 (Popup, 25F, EV 72.5 MPH)
Batting: RHB Roland Rankin 0-0: Ball
1-0: Called Strike
1-1: Swinging Strike
1-2: Foul Ball, location: 2F
1-2: Fly out, F4 (Line Drive, 4, EV 68.1 MPH)
Batting: RHB Raleigh Adams 0-0: Ball
1-0: Foul Ball, location: 2F
1-1: Foul Ball, location: 2F
1-2: Ball
2-2: Ball
3-2: Foul Ball, location: 2F
3-2: SINGLE (Line Drive, 7LM, EV 112.5 MPH)
Richard Mitchell scores
Batting: RHB Alfred Howard Biggs 0-0: Ball
1-0: Swinging Strike
1-1: Fly out, F8 (Line Drive, 8LD, EV 93.8 MPH)
Bottom of the 7th over - 1 run, 1 hit, 1 error, 1 left on base; Minnesota 4 - Marquette 2
TOP OF THE 8TH
Minnesota Loons batting - Pitching for Marquette Miners : RHP Greg Borges
Batting: RHB José Garrastazu 0-0: Foul Ball, location: 2F
0-1: Swinging Strike
0-2: Ground out 6-3 (Groundball, 6, EV 100.6 MPH)
Batting: RHB Martin Mullinger 0-0: Called Strike
0-1: Ball
1-1: SINGLE (Line Drive, 8LS, EV 98.1 MPH)
Batting: LHB Juan Ritaquevedo 0-0: Called Strike
0-1: Foul Ball, location: 2F
0-2: Ball
1-2: Hit by Pitch
Martin Mullinger to second
Batting: LHB Derrek Guthrie 0-0: Foul Ball, location: 2F
0-1: Called Strike
0-2: Ball
1-2: Grounds into double play, 5-4-3 (Groundball, 56, EV 107.5 MPH)
Top of the 8th over - 0 runs, 1 hit, 0 errors, 1 left on base; Minnesota 4 - Marquette 2
BOTTOM OF THE 8TH
Marquette Miners batting - Pitching for Minnesota Loons : LHP Cipriano Bustamante
Pitching: RHP Michael Knight
Batting: RHB Colton Shepard 0-0: Called Strike
0-1: Fly out, F8 (Flyball, 8LS, EV 85.6 MPH)
Batting: RHB Kiril Neuvel 0-0: Ball
1-0: Called Strike
1-1: Called Strike
1-2: Strikes out swinging
Batting: RHB Martin Payton 0-0: Called Strike
0-1: Called Strike
0-2: Ball
1-2: Strikes out swinging
Bottom of the 8th over - 0 runs, 0 hits, 0 errors, 0 left on base; Minnesota 4 - Marquette 2
TOP OF THE 9TH
Minnesota Loons batting - Pitching for Marquette Miners : RHP Greg Borges
Batting: LHB Steve Williams 0-0: Ball
1-0: Called Strike
1-1: Called Strike
1-2: Foul Ball, location: 2F
1-2: Ball
2-2: Ball
3-2: Fly out, F9 (Flyball, 89XD, EV 97.5 MPH)
Batting: RHB Haechan Mae 0-0: Swinging Strike
0-1: Fly out, F9 (Flyball, 9S, EV 85.6 MPH)
Batting: RHB Alberto Zúñiga 0-0: Swinging Strike
0-1: Swinging Strike
0-2: Ball
1-2: Strikes out swinging
Top of the 9th over - 0 runs, 0 hits, 0 errors, 0 left on base; Minnesota 4 - Marquette 2
BOTTOM OF THE 9TH
Marquette Miners batting - Pitching for Minnesota Loons : RHP Michael Knight
Now at 1B: Zane Atkins
Now at 3B: Paul Sanders
Batting: LHB Bill Knight 0-0: SINGLE (Groundball, 4MD, EV 102.5 MPH)
Batting: RHB Richard Mitchell 0-0: Ball
1-0: Ball
2-0: Foul Ball, location: 2F
2-1: Fielders Choice at 2nd, 6-4 (Groundball, 6, EV 98.1 MPH)
Batting: LHB Bob Blough 0-0: Ball
1-0: Ball
2-0: Ball
3-0: Base on Balls
Richard Mitchell to second
Pitching: RHP Vicente Dávila
Batting: RHB Roland Rankin 0-0: 3-RUN HOME RUN (Flyball, 7D, EV 99.4 MPH), Distance : 431 ft
Friday, March 26th, 2021 - OOTP Baseball 20.8 Build 74